 Dungeon Crawl Stone Soup version 0.29.1-15-g9cfb28693d (webtiles) character file.

Game seed: 12592022680838386420

173 Jus the Shooter (level 5, -2/45 HPs)
             Began as a Minotaur Hunter on Apr 23, 2023.
             Killed from afar by a steam dragon (15 damage)
             ... with a ball of steam
             ... on level 6 of the Dungeon on Apr 27, 2023.
             The game lasted 00:29:29 (2300 turns).

Jus the Shooter (Minotaur Hunter)                   Turns: 2300, Time: 00:29:30

Health: -2/45      AC:  5    Str: 16    XL:     5   Next: 28%
Magic:  4/4        EV: 12    Int:  6    God:
Gold:   128        SH:  0    Dex: 15    Spells: 4/4 levels left

rFire   . . .      SeeInvis .   a - +0 shortbow
rCold   + . .      Faith    .   (shield currently unavailable)
rNeg    . . .      Spirit   .   c - +2 leather armour {rC+}
rPois   .          Reflect  .   (helmet restricted)
rElec   .          Harm     .   (no cloak)
rCorr   .          Rampage  .   (no gloves)
Will    .....                   (no boots)
Stlth   +.........              (no amulet)
HPRegen 0.15/turn               j - ring of flight
MPRegen 0.09/turn               (no ring)

@: flying
A: horns 2, retaliatory headbutt
a: no special abilities


You were on level 6 of the Dungeon.
You visited 1 branch of the dungeon, and saw 4 of its levels.

You collected 128 gold pieces.

Inventory:

Hand Weapons
 a - a +0 shortbow (weapon)
 b - a +0 dagger
Armour
 c - a +2 leather armour of cold resistance (worn)
Jewellery
 j - a ring of flight (left hand)
Scrolls
 d - 4 scrolls of identify {unknown}
 e - a scroll of brand weapon {unknown}
 f - a scroll of silence {unknown}
 g - 5 scrolls of teleportation {unknown}
 m - a scroll of immolation
 n - a scroll of noise {unknown}
Potions
 h - 4 potions of curing
 i - 3 potions of heal wounds {unknown}
 k - 2 potions of mutation {unknown}
 l - a potion of resistance {unknown}
 o - a potion of might {unknown}
 p - 2 potions of attraction {unknown}


   Skills:
 * Level 3.3 Fighting
 * Level 6.1 Ranged Weapons
 * Level 2.5 Armour
 * Level 2.7 Dodging
 + Level 0.7 Stealth


You had 4 spell levels left.
You didn't know any spells.
Your spell library contained the following spells:

 Spells                   Type           Power      Damage    Failure   Level
 Beastly Appendage        Tmut           0%         N/A       52%         1
 Wereblood                Tmut           0%         N/A       65%         2
 Spider Form              Tmut/Pois      0%         N/A       87%         3


Dungeon Overview and Level Annotations

Branches:
Dungeon (3/15)

Altars:
Dithmenos


Innate Abilities, Weirdness & Mutations

You have a pair of horns on your head.
You reflexively headbutt those who attack you in melee.


Message History

You shoot an arrow. The arrow hits the steam dragon!
The steam dragon is almost dead.
The steam dragon breathes steam at you. The ball of steam hits you!
You hear an angry growl.
No target in view!
No target in view!
No target in view!
No target in view!
No target in view!
No target in view!
No target in view!
No target in view!
You are engulfed in a cloud of scalding steam.
You are engulfed in a cloud of scalding steam.
The steam dragon breathes steam at you. The ball of steam misses you.
You shoot an arrow. The arrow hits the steam dragon.
The steam dragon is almost dead.
You hear a distant slurping noise.
The steam dragon breathes steam at you. The ball of steam hits you!
* * * LOW HITPOINT WARNING * * *
You are too injured to fight recklessly!
You are too injured to fight recklessly!
You are too injured to fight recklessly!
Fire: a) +0 shortbow
Press: ? - help, Q - select action Shift-Dir - straight line, f/p - steam dragon
Aim: a steam dragon (almost dead, 63% to hit)
You shoot an arrow. The arrow hits the steam dragon.
The steam dragon is almost dead.
Fire: a) +0 shortbow
Press: ? - help, Q - select action Shift-Dir - straight line, f/p - steam dragon
Aim: a steam dragon (almost dead, 63% to hit)
You shoot an arrow.
The arrow hits the steam dragon but does no damage.
The steam dragon is almost dead.
The steam dragon breathes steam at you. The ball of steam hits you!
You die...

#.....# #####.# #..
#.## #.# #..##
#.##.# ##..# #.##.#
##.### #.##.#
#...#####.##.#
###....##.##.#
####...@##.##### .
###.§##.#...# ...
##D.#.'.._# #.#
.....#####...§#...#
#.#
.......D...##.#####
#.#
.....#########...#
#.### ...
........##.# #.#..
# #######.##.##
#.#.# #.##..###.#.#


You could see a steam dragon (catching breath).

Vanquished Creatures
  A phantom (D:6)
  4 gnolls
  2 dart slugs (D:2)
  10 orcs (D:3)
  3 endoplasms (D:2)
  2 giant cockroaches (D:1)
  A goblin (D:1)
  A hobgoblin (D:1)
  4 kobolds
  4 quokkas
  4 ball pythons
  3 bats
  3 frilled lizards
  4 rats
46 creatures vanquished.

Notes
Turn   | Place    | Note
-------+----------+-------------------------------------------
     0 | D:1      | Jus the Minotaur Hunter began the quest for the Orb.
     0 | D:1      | Reached XP level 1. HP: 18/18 MP: 0/0
   273 | D:1      | Reached XP level 2. HP: 24/25 MP: 1/1
   571 | D:1      | Reached skill level 5 in Ranged Weapons
  1253 | D:2      | Reached XP level 3. HP: 30/30 MP: 2/2
  1394 | D:3      | Reached skill level 1 in Armour
  1836 | D:2      | Reached XP level 4. HP: 19/37 MP: 3/3
  2164 | D:3      | You are sucked into a shaft and drop 3 floors!
  2244 | D:6      | Found a shadowy altar of Dithmenos.
  2244 | D:6      | Noticed a phantom
  2254 | D:6      | Killed a phantom
  2255 | D:6      | Reached skill level 6 in Ranged Weapons
  2255 | D:6      | Reached XP level 5. HP: 40/45 MP: 4/4
  2287 | D:6      | Noticed a steam dragon
  2300 | D:6      | Killed from afar by a steam dragon

Illustrated notes

Levels and vault maps discovered:
D:1:      dpeg_arrival_simpleton_c, layout_loops_ring
D:2:      layout_loops_cross, wad_floor_pattern_untrapped, glass_columns_a
D:3:      layout_loops_ring, amcnicky_altar_gilded,
          ebering_ecumenical_altar_webs
D:6:      layout_basic, nicolae_hepliaklqana_monster_ancestors,
          grunt_dithmenos_shadows, minmay_misc_feat_chi

Skill      XL: |  1  2  3  4 |
---------------+-------------+-----
Ranged Weapons | 5 6 |  6.1
Armour         | 1 2 |  2.5
Fighting       | 3 |  3.3
Dodging        | |  2.7
Stealth        | |  0.7

Action                   |  1- 3 |  4- 6 || total
-------------------------+-------+-------++-------
Melee: Dagger            |    27 |     6 ||    33
       Headbutt          |     4 |     2 ||     6
 Fire: Shortbow          |   100 |    19 ||   119
Armor: Leather armour    |    21 |     4 ||    25
       Ring mail         |     1 |       ||     1
Dodge: Dodged            |    47 |    14 ||    61
